% Time on Ice - RENO LIONS
Lines # - Real PCT - Wanted PCT - Time Play
Normal Forward
1 - 38% - 40% - 19:08
2 - 31% - 30% - 15:46
3 - 20% - 20% - 10:06
4 - 10% - 10% - 5:05
Normal Defense
1 - 34% - 36% - 17:10
2 - 33% - 31% - 16:22
3 - 26% - 23% - 12:53
4 - 7% - 10% - 3:40
PP Forward
1 - 68% - 65% - 1:21
2 - 32% - 35% - 0:38
PP Defense
1 - 60% - 55% - 1:11
2 - 40% - 45% - 0:48
PK Forward
1 - 54% - 55% - 2:09
2 - 46% - 45% - 1:49
PK Defense
1 - 57% - 55% - 2:15
2 - 43% - 45% - 1:43
PK3 Forward
1 - 0% - 55%
2 - 0% - 45%
PK3 Defense
1 - 0% - 55%
2 - 0% - 45%
44 Forward
1 - 79% - 55% - 3:09
2 - 21% - 45% - 0:49
44 Defense
1 - 79% - 55% - 3:09
2 - 21% - 45% - 0:49
Last Minute Offensive  - 0:00
Last Minute Defensive  - 0:00
Total
Forward - 60:00
Defense - 60:00
% Time on Ice - EDMONTON ICE
Lines # - Real PCT - Wanted PCT - Time Play
Normal Forward
1 - 32% - 38% - 16:00
2 - 33% - 36% - 16:29
3 - 24% - 22% - 11:57
4 - 10% - 4% - 4:51
Normal Defense
1 - 38% - 36% - 18:50
2 - 34% - 34% - 16:44
3 - 22% - 24% - 10:41
4 - 6% - 6% - 3:02
PP Forward
1 - 55% - 55% - 2:11
2 - 45% - 45% - 1:47
PP Defense
1 - 60% - 55% - 2:23
2 - 40% - 45% - 1:35
PK Forward
1 - 79% - 57% - 1:34
2 - 21% - 43% - 0:25
PK Defense
1 - 52% - 57% - 1:02
2 - 48% - 43% - 0:57
PK3 Forward
1 - 0% - 55%
2 - 0% - 45%
PK3 Defense
1 - 0% - 55%
2 - 0% - 45%
44 Forward
1 - 72% - 55% - 2:52
2 - 28% - 45% - 1:06
44 Defense
1 - 64% - 55% - 2:33
2 - 36% - 45% - 1:25
Last Minute Offensive  - 0:00
Last Minute Defensive  - 0:48
Total
Forward - 60:00
Defense - 60:00
Play-by-Play 1st period 0:01 of 1st period - Steven Stamkos wins face-off versus Joel Eriksson Ek in neutral zone. 0:18 of 1st period - Shot by Timo Meier. 0:18 of 1st period - Stopped by Elvis Merzlikins with a rebound. 0:20 of 1st period - Shot by Shea Theodore. 0:20 of 1st period - Stopped by Elvis Merzlikins with a rebound. 0:45 of 1st period - Icing by Ryan Graves. 0:46 of 1st period - Joel Eriksson Ek wins face-off versus Pierre-Luc Dubois in EDMONTON ICE zone. 0:52 of 1st period - Joel Eriksson Ek is hit by Nikita Zadorov and loses puck. 2:35 of 1st period - Oliver Ekman-Larsson is hit by Austin Watson and loses puck. 3:18 of 1st period - Shot by Elias Pettersson. 3:18 of 1st period - Stopped by Alex Nedeljkovic with a rebound. 3:20 of 1st period - Shot by Kirill Kaprizov. 3:20 of 1st period - Shot Misses the Net. 3:22 of 1st period - Shot by Steven Stamkos. 3:22 of 1st period - Stopped by Alex Nedeljkovic without a rebound. 3:23 of 1st period - Joel Eriksson Ek wins face-off versus Steven Stamkos in EDMONTON ICE zone. 3:23 of 1st period - Joel Eriksson Ek is hit by Kirill Kaprizov. 3:55 of 1st period - Minor Penalty to Timo Meier for Holding. 3:55 of 1st period - Minor Penalty to Mattias Samuelsson for Hooking. 3:56 of 1st period - Anton Lundell wins face-off versus Derek Grant in RENO LIONS zone. 4:07 of 1st period - Shea Theodore is hit by Derek Grant and loses puck. 4:49 of 1st period - Nicholas Ritchie is hit by Shea Theodore and loses puck. 5:16 of 1st period - Shot by Nicholas Ritchie. 5:16 of 1st period - Shot Blocked by Anton Lundell. 5:52 of 1st period - Shot by Robert Hagg. 5:52 of 1st period - Stopped by Alex Nedeljkovic without a rebound. 5:53 of 1st period - Joel Eriksson Ek wins face-off versus Trevor Lewis in EDMONTON ICE zone. 6:19 of 1st period - Shot by Pierre-Luc Dubois. 6:19 of 1st period - Stopped by Alex Nedeljkovic without a rebound. 6:20 of 1st period - Joel Eriksson Ek wins face-off versus Steven Stamkos in EDMONTON ICE zone. 6:29 of 1st period - Shot by Timo Meier. 6:29 of 1st period - Stopped by Elvis Merzlikins without a rebound. 6:30 of 1st period - Joel Eriksson Ek wins face-off versus Steven Stamkos in RENO LIONS zone. 6:30 of 1st period - Joel Eriksson Ek is hit by Oliver Ekman-Larsson. 7:05 of 1st period - Shot by Joel Eriksson Ek. 7:05 of 1st period - Shot Misses the Net. 7:34 of 1st period - Shot by Cam Atkinson. 7:34 of 1st period - Shot Misses the Net. 7:38 of 1st period - Shot by Cam Atkinson. 7:38 of 1st period - Shot Misses the Net. 7:50 of 1st period - Shot by Pierre-Luc Dubois. 7:50 of 1st period - Goal by Pierre-Luc Dubois - RENO LIONS : 1 - EDMONTON ICE : 0. 7:51 of 1st period - Derek Grant wins face-off versus Joonas Donskoi in neutral zone. 7:51 of 1st period - Andreas Johnsson is hit by Austin Watson and loses puck. 8:15 of 1st period - Shot by Joonas Donskoi. 8:15 of 1st period - Shot Misses the Net. 8:17 of 1st period - Shot by Jonas Brodin. 8:17 of 1st period - Shot Blocked by Nikita Zadorov. 9:27 of 1st period - Shot by Elias Pettersson. 9:27 of 1st period - Stopped by Alex Nedeljkovic without a rebound. 9:28 of 1st period - Pierre-Luc Dubois wins face-off versus Scott Laughton in EDMONTON ICE zone. 9:32 of 1st period - Icing by Jonas Brodin. 9:33 of 1st period - Scott Laughton wins face-off versus Pierre-Luc Dubois in EDMONTON ICE zone. 10:52 of 1st period - Shot by Kirill Kaprizov. 10:52 of 1st period - Stopped by Alex Nedeljkovic without a rebound. 10:53 of 1st period - Anton Lundell wins face-off versus Derek Grant in EDMONTON ICE zone. 10:53 of 1st period - Anton Lundell is hit by Trevor Lewis. 11:02 of 1st period - Minor Penalty to Nikita Zadorov for Elbowing. 11:03 of 1st period - Joel Eriksson Ek wins face-off versus Ilya Mikheyev in RENO LIONS zone. 11:10 of 1st period - Shot by Shea Theodore. 11:10 of 1st period - Stopped by Elvis Merzlikins without a rebound. 11:11 of 1st period - Joel Eriksson Ek wins face-off versus Patrick Brown in RENO LIONS zone. 12:07 of 1st period - Icing by Ryan Graves. 12:08 of 1st period - Joel Eriksson Ek wins face-off versus Pierre-Luc Dubois in EDMONTON ICE zone. 12:56 of 1st period - Shot by Joonas Donskoi. 12:56 of 1st period - Stopped by Elvis Merzlikins without a rebound. 12:57 of 1st period - Joel Eriksson Ek wins face-off versus Patrick Brown in RENO LIONS zone. 13:21 of 1st period - Icing by Andy Greene. 13:22 of 1st period - Scott Laughton wins face-off versus Derek Grant in EDMONTON ICE zone. 13:47 of 1st period - Shot by Scott Laughton. 13:47 of 1st period - Shot Misses the Net. 13:49 of 1st period - Shot by Andy Greene. 13:49 of 1st period - Deflect By Scott Laughton. 13:49 of 1st period - Shot Misses the Net. 14:40 of 1st period - Shot by Steven Stamkos. 14:40 of 1st period - Deflect By Kirill Kaprizov. 14:40 of 1st period - Shot Misses the Net. 14:53 of 1st period - Icing by Shea Theodore. 14:54 of 1st period - Cam Atkinson wins face-off versus Anton Lundell in EDMONTON ICE zone. 15:01 of 1st period - Shot by Ilya Mikheyev. 15:01 of 1st period - Stopped by Alex Nedeljkovic with a rebound. 15:23 of 1st period - Shot by Pierre-Luc Dubois. 15:23 of 1st period - Stopped by